 Dungeon Crawl Stone Soup version 0.21-a0-228-g14ccbf3 (webtiles) character file.

12 Gorglomux the Insei (level 2, 0/21 HPs)
             Began as a Gnoll Transmuter on Aug 31, 2017.
             Slain by a bat (1 damage)
             ... on level 1 of the Dungeon.
             The game lasted 00:00:58 (1018 turns).

Gorglomux the Insei (Gnoll Transmuter)              Turns: 1018, Time: 00:01:00

Health: 0/21       AC:  2    Str:  7    XL:     2   Next: 33%
Magic:  6/6        EV: 12    Int:  7    God:
Gold:   58         SH:  0    Dex:  7    Spells: 7/8 levels left

rFire    . . .     SeeInvis .     - Unarmed
rCold    . . .     Gourm    .   (no shield)
rNeg     . . .     Faith    .   b - +0 robe
rPois    .         Spirit   .   (no helmet)
rElec    .         Reflect  .   (no cloak)
rCorr    .         Harm     .   (no gloves)
MR       .....                  (no boots)
Stlth    +.........             (no amulet)
HPRegen  0.07/turn              (no ring)
MPRegen  0.10/turn              (no ring)

@: no status effects
A: unchanging attributes, fangs 1, strong nose
a: no special abilities


You were on level 1 of the Dungeon.
You were not hungry.

You visited 1 branch of the dungeon, and saw 1 of its levels.

You collected 58 gold pieces.

Inventory:

Missiles
 a - 12 arrows
Armour
 b - a +0 robe (worn)
Scrolls
 C - a scroll of identify {unknown}
Potions
 B - a potion of curing {unknown}
Books
 c - a book of Changes

   Spells                             Type                      Level
   a - Beastly Appendage              Transmutation                1
   b - Sticks to Snakes               Transmutation                2
   c - Spider Form                    Transmutation/Poison         3
   d - Ice Form                       Ice/Transmutation            4
   e - Blade Hands                    Transmutation                5
Comestibles
 d - a bread ration
 z - 2 meat rations


   Skills:
 - Level 1.3 Fighting
 - Level 2.6 Dodging
 - Level 4.0 Unarmed Combat
 + Level 3.5 Spellcasting
 + Level 3.3 Transmutations


You had 7 spell levels left.
You knew the following spells:

 Your Spells              Type           Power        Failure   Level  Hunger
a - Beastly Appendage     Tmut           #.....       9%          1    ##.....


Dungeon Overview and Level Annotations

Branches:
Dungeon (1/15)

Altars:


Innate Abilities, Weirdness & Mutations

Your physical attributes are unchanging.
You have very sharp teeth.
Your uncanny sense of smell can sniff out nearby items.


Message History

All of the chunks of flesh in your butt have rotted away!
A bat comes into view!
You closely miss the frilled lizard! The frilled lizard closely misses you!
The hobgoblin barely misses you!
You are too injured to fight recklessly!!!
You are too injured to fight recklessly!!!
Unknown command!
The hobgoblin hits butt with a club! * * * don't die
* * * You see butt a golden ring!
The frilled lizard bites you! * * * don't die
* * * Butt is an open door here!
Things that are here:
a dagger of electrocution; a goblin corpse
Things that are here:
a club; a kobold corpse The bat barely misses you!
The bat hits butt! rip

....'.b#.b)..# #.....
....#.#!#.#..# #.....
....#..#..#..# #.....
....##...##..# #.....
.....##+##l..# ######
.........)...#
#......g....##
####.#b################
#...#@................
#...##################
#...#....#............
#...+....#.###########
###...#.####..#
+.............#
###...#.#####.#
#...#.#####.#
#...#.......#


You could see a hobgoblin, a bat and a frilled lizard.

Vanquished Creatures
  A goblin (D:1)
  2 hobgoblins (D:1)
  2 kobolds (D:1)
  3 bats (D:1)
  3 rats (D:1)
11 creatures vanquished.

Notes
Turn   | Place    | Note
-------+----------+-------------------------------------------
     0 | D:1      | Gorglomux the Gnoll Transmuter began the quest for the Orb.
     0 | D:1      | Reached XP level 1. HP: 15/15 MP: 4/4
   402 | D:1      | Reached skill level 3 in Transmutations
   869 | D:1      | Reached XP level 2. HP: 21/21 MP: 6/6
  1009 | D:1      | HP: 1/21 [frilled lizard (2)]
  1018 | D:1      | Slain by a bat

Vault maps used:
D:1:      minmay_arrival_widening_spiral_wide, serial_forest,
          infiniplex_forest_end_3, infiniplex_forest_straight_3,
          infiniplex_forest_lined_room_3, infiniplex_forest_lined_1,
          infiniplex_forest_straight_1, infiniplex_forest_clump_long,
          infiniplex_forest_end_1, minmay_box_of_dots

Skill      XL: |  1 |
---------------+----+-----
Transmutations | 3 |  3.3
Fighting       | |  1.3
Dodging        | |  2.6
Unarmed Combat | |  4.0
Spellcasting   | |  3.5

Action                   || total
-------------------------++-------
Melee: Unarmed           ||    50
       Bite              ||     3
 Cast: Beastly Appendage ||     2
Armor: Robe              ||    24
Dodge: Dodged            ||    42

Table legend:
 A = Spawn XP
 B = Non-spawn XP
 C = Spawn XP percentage of total XP
 D = Spawn monster count
 E = Non-spawn monster count
 F = Spawn count percentage of total count
 G = Total turns spent on level
                    A         B        C        D         E        F      G
               +---------+---------+-------+---------+---------+-------+---------
         Total |       2 |      16 |  11.1 |       1 |      10 |   9.1 |  1018
               +---------+---------+-------+---------+---------+-------+---------
           D:1 |       2 |      16 |  11.1 |       1 |      10 |   9.1 |  1018
               +---------+---------+-------+---------+---------+-------+---------
